[Event "*** Titled Tuesday Blitz"]
[Site "Chess.com"]
[Date "2018.05.01"]
[Round "6"]
[White "Synctel"]
[Black "Caisachess"]
[Result "1-0"]
[WhiteElo "1914"]
[BlackElo "2146"]
[TimeControl "180+2"]
[EndTime "14:18:31 PDT"]
[Termination "Synctel won by checkmate"]

1. e4 e5 2. Nf3 Nc6 3. Bc4 Nf6 4. d4 exd4 5. e5 d5 6. Bb5 Ne4 7. Nxd4 Bd7 8. Bxc6 bxc6 9. O-O Bc5 10. f3 Ng5 11. f4 Ne4 12. Be3 Bb6 13. Nd2 c5 14. N4b3 Nxd2 15.
Qxd2 d4 16. Bf2 Bc6 17. f5 Qd5 18. Qg5 Kd7 19. c4 Qxc4 20. e6+ fxe6 21. Qxg7+ Kd6 22. fxe6 Bd5 23. Qd7+ Ke5 24. Rae1+ Be4 25. Bg3# 1-0

[Event "*** Titled Tuesday Blitz"]
[Site "Chess.com"]
[Date "2018.05.01"]
[Round "6"]
[White "ghost_of_pushwood"]
[Black "VeraNebolsina"]
[Result "0-1"]
[WhiteElo "1820"]
[BlackElo "2386"]
[TimeControl "180+2"]
[EndTime "14:18:52 PDT"]
[Termination "VeraNebolsina won by resignation"]

1. c4 Nf6 2. Nc3 g6 3. e4 d6 4. d4 Bg7 5. f3 O-O 6. Be3 Nc6 7. Qd2 a6 8. O-O-O b5 9. cxb5 axb5 10. Bxb5 Nb4 11.
Kb1 c6 12. Be2 Be6 13. a3 Na6 14. Bd3 Qb8 15. Nge2 Qb7 16. Nc1 Rfb8 17. N1a2 Nc7 18. Nb4 Nd7 19. d5 cxd5 20. Ncxd5 Nxd5 21. exd5 Bxd5 22. Nxd5 Qxb2+ 0-1

[Event "*** Titled Tuesday Blitz"]
[Site "Chess.com"]
[Date "2018.05.01"]
[Round "6"]
[White "Kawhi_Leonard2"]
[Black "alturas_pacificas"]
[Result "1-0"]
[WhiteElo "2178"]
[BlackElo "2141"]
[TimeControl "180+2"]
[EndTime "14:18:57 PDT"]
[Termination "Kawhi_Leonard2 won by resignation"]

1. e4 e5 2. Nf3 Nf6 3. Nxe5 d6 4. Nf3 Nxe4 5. d4 d5 6. Bd3 Bd6 7. O-O O-O 8. c4 c6 9. cxd5 cxd5 10. Nc3 Nxc3 11. bxc3 Bg4 12. Rb1 Nd7 13. Rb5 Nb6 14.
a4 a6 15. Rb1 Rb8 16. h3 Bh5 17. Re1 Nc4 18. Qc2 Bxf3 19. gxf3 Qh4 20. Bf1 Rbe8 21. Rxe8 Rxe8 22. Rxb7 Re6 23. Qf5 h5 24. Qxf7+ 1-0

[Event "*** Titled Tuesday Blitz"]
[Site "Chess.com"]
[Date "2018.05.01"]
[Round "6"]
[White "AndrewDGreen"]
[Black "akretchetov"]
[Result "0-1"]
[WhiteElo "2166"]
[BlackElo "2317"]
[TimeControl "180+2"]
[EndTime "14:19:02 PDT"]
[Termination "akretchetov won by resignation"]

1. d4 d5 2. Bf4 c5 3. e3 cxd4 4. exd4 Nc6 5. c3 g6 6. Nd2 Bg7 7. Bd3 Nh6 8. Ngf3 O-O 9. O-O f6 10. Re1 Nf7 11. Bg3 e5 12. dxe5 fxe5 13. Bb5 e4 14.
Bxc6 bxc6 15. Nd4 Bd7 16. N2b3 Ne5 17. Nc5 Qe7 18. Bxe5 Bxe5 19. Nxd7 Qxd7 20. Qa4 Rad8 21. Re2 Rf6 22. Rd1 Rdf8 23. Nb3 Qf7 24. Rdd2 e3 25. Rd3 Rxf2 26. Re1 Rf1+ 0-1

[Event "*** Titled Tuesday Blitz"]
[Site "Chess.com"]
[Date "2018.05.01"]
[Round "6"]
[White "Flawless2018"]
[Black "MITerryble"]
[Result "0-1"]
[WhiteElo "2487"]
[BlackElo "2683"]
[TimeControl "180+2"]
[EndTime "14:19:16 PDT"]
[Termination "MITerryble won by checkmate"]

1. Nf3 Nf6 2. b3 d5 3. Bb2 c6 4. e3 Bg4 5. Be2 Nbd7 6. O-O Qc7 7. d4 e6 8. Nbd2 Bd6 9. h3 Bh5 10. a4 O-O 11. a5 Rfe8 12. a6 b5 13. c4 Rab8 14.
c5 Bf8 15. b4 Ne4 16. Nxe4 dxe4 17. Nd2 Bxe2 18. Qxe2 f5 19. Nb3 Nf6 20. f4 Nd5 21.
Qd2 Be7 22. Kh1 g5 23. g3 Kh8 24. Rg1 Rg8 25. Na5 Rg6 26. Rg2 Rbg8 27. Rag1 Bd8 28.
Nb7 Be7 29. Bc1 Qd7 30. Qe1 Qe8 31. Bd2 Rh6 32. Rh2 Rhg6 33. Rhg2 Qf8 34. Qe2 Qh6 35.
Kh2 Qxh3+ 36. Kxh3 Rh6+ 37. Qh5 Rxh5# 0-1

[Event "*** Titled Tuesday Blitz"]
[Site "Chess.com"]
[Date "2018.05.01"]
[Round "6"]
[White "ChessicallyInclined"]
[Black "tomozupan"]
[Result "1-0"]
[WhiteElo "2213"]
[BlackElo "2141"]
[TimeControl "180+2"]
[EndTime "14:19:16 PDT"]
[Termination "ChessicallyInclined won by resignation"]

1. d4 Nf6 2. c4 g6 3. Nc3 d5 4. Nf3 Bg7 5. Qb3 dxc4 6. Qxc4 a6 7. e4 b5 8. Qb3 O-O 9. Be2 Nc6 10. d5 Na5 11. Qb4 c6 12. O-O Bd7 13. Rd1 cxd5 14.
exd5 Rc8 15. a4 Nc4 16. axb5 axb5 17. Nxb5 Bxb5 18. Qxb5 Nd6 19. Qb4 Rb8 20. Qh4 Qb6 21. Ne5 Rfd8 22. Nc6 Nfe4 23. Nxb8 Rxb8 24. Be3 Qxb2 25.
Rab1 Qxb1 26. Rxb1 Rxb1+ 27. Bf1 f5 28. Qxe7 Nc4 29. Qe6+ Kf8 30. Qc8+ Kf7 31. Qxc4 1-0

[Event "*** Titled Tuesday Blitz"]
[Site "Chess.com"]
[Date "2018.05.01"]
[Round "6"]
[White "FMJoseHerrera"]
[Black "Shtembuliak"]
[Result "0-1"]
[WhiteElo "2423"]
[BlackElo "2674"]
[TimeControl "180+2"]
[EndTime "14:19:19 PDT"]
[Termination "Shtembuliak won on time"]

1. Nf3 Nf6 2. g3 g6 3. Bg2 Bg7 4. O-O O-O 5. d3 d5 6. c3 c5 7. a3 b6 8. b4 Nbd7 9. Bg5 Bb7 10. Qc1 Rc8 11. Bh6 e5 12. Bxg7 Kxg7 13. Nbd2 Qe7 14. Ne1 e4 15. dxe4 dxe4 16. Nc2 cxb4 17. axb4 Rxc3 18.
Rxa7 Rfc8 19. Rxb7 Rxc2 20. Qd1 e3 21. Ne4 Nxe4 22. Rxd7 exf2+ 23. Kh1 Qe5 24. Rd5 Qb2 25. Bxe4 Rc1 26. Rxf2 Rxd1+ 27. Rxd1 Qxb4 28. Kg2 Qxe4+ 0-1

[Event "*** Titled Tuesday Blitz"]
[Site "Chess.com"]
[Date "2018.05.01"]
[Round "6"]
[White "eljanov"]
[Black "Khamrakulov_Djurabek"]
[Result "1-0"]
[WhiteElo "2663"]
[BlackElo "2644"]
[TimeControl "180+2"]
[EndTime "14:19:21 PDT"]
[Termination "eljanov won by resignation"]

1. c4 e5 2. Nc3 Nf6 3. Nf3 Nc6 4. g3 d5 5. cxd5 Nxd5 6. Bg2 Nb6 7. O-O Be7 8. b3 g5 9. Bb2 g4 10. Ne1 h5 11. Nc2 h4 12. d4 Nxd4 13. Nxd4 exd4 14.
Ne4 c5 15. Rc1 hxg3 16. hxg3 Nd7 17. b4 Qb6 18. Nxc5 Bxc5 19. Rxc5 Qh6 20. Re1 Nxc5 21. Qxd4 Qh2+ 22. Kf1 Rh5 23. bxc5 Bd7 24. Bxb7 Rb8 25. Bg2 a5 26. Bc3 Rb5 27. Rd1 1-0

[Event "*** Titled Tuesday Blitz"]
[Site "Chess.com"]
[Date "2018.05.01"]
[Round "6"]
[White "TST2014"]
[Black "Arystanner23"]
[Result "1-0"]
[WhiteElo "2409"]
[BlackElo "2383"]
[TimeControl "180+2"]
[EndTime "14:19:33 PDT"]
[Termination "TST2014 won by resignation"]

1. d4 g6 2. Nf3 Bg7 3. e4 c6 4. c4 d6 5. Nc3 Nf6 6. Be2 O-O 7.
O-O Nbd7 8. Re1 Qa5 9. Rb1 e5 10. b4 Qc7 11. dxe5 Nxe5 12. Nxe5 dxe5 13. Be3 Be6 14.
Qc2 Ng4 15. Bd2 f5 16. f3 Nf6 17. c5 f4 18. Nd1 Qf7 19. a4 g5 20. Nb2 g4 21. Bc4 gxf3 22. gxf3 Rad8 23. Bxe6 Qxe6 24. Qc4 Qxc4 25. Nxc4 Rd4 26. Rec1 Rfd8 27. Rb2 b5 28. axb5 cxb5 29. Nd6 Bf8 30. Bc3 Rd3 31. Bxe5 Nd7 32.
Bxf4 Bg7 33. Rg2 Kf8 34. c6 Ne5 35. c7 R3xd6 36. Rxg7 Nxf3+ 37. Kf2 1-0

[Event "*** Titled Tuesday Blitz"]
[Site "Chess.com"]
[Date "2018.05.01"]
[Round "6"]
[White "Cruel_Yaro"]
[Black "Er_is_geen_hoop_meer"]
[Result "1/2-1/2"]
[WhiteElo "2630"]
[BlackElo "2356"]
[TimeControl "180+2"]
[EndTime "14:19:36 PDT"]
[Termination "Game drawn by repetition"]

1. a3 g6 2. e4 Bg7 3. d4 d6 4. Nc3 a6 5. f4 b6 6. Nf3 Bb7 7.
Bd3 e6 8. O-O Nd7 9. e5 d5 10.
Ne2 c5 11. c3 b5 12. dxc5 Nxc5 13. Bc2 h5 14. Be3 Rc8 15. a4 bxa4 16. Bxa4+ Nxa4 17. Qxa4+ Kf8 18. Ng5 Ne7 19. Nd4 Rc4 20. Ndxe6+ fxe6 21. Nxe6+ Kf7 22. Nxd8+ Rxd8 23. Qb3 Bc8 24. Qb6 Re8 25.
Bc5 Nf5 26. Rfd1 Rxf4 27. Rxd5 Bxe5 28. Rxe5 Rxe5 29. Qc7+ Kf6 30. Qxc8 Rc4 31. Bd4 Rxc8 32. Rxa6+ Kg5 33. Bxe5 Re8 34. Ra5 h4 35. h3 Rd8 36. b4 Rd2 37. b5 Ne3 38. b6 Rxg2+ 39. Kh1 Rb2 40. c4 Rb1+ 41. Kh2 Nxc4 42. Rc5 Nxe5 43.
Rxe5+ Kf4 44. Re6 g5 45. Rf6+ Ke5 46. Rg6 Rb2+ 47. Kg1 Kf4 48. Kf1 Rb3 49. Kg2 Kf5 50.
Rc6 Rg3+ 51. Kh2 Rb3 52. Kg2 Rg3+ 53. Kh2 Rb3 54. Kg2 Rg3+ 55. Kh2 Rb3 56. Kg2 1/2-1/2

[Event "*** Titled Tuesday Blitz"]
[Site "Chess.com"]
[Date "2018.05.01"]
[Round "6"]
[White "bascheyaro"]
[Black "amiralfio"]
[Result "1-0"]
[WhiteElo "2663"]
[BlackElo "2368"]
[TimeControl "180+2"]
[EndTime "14:19:40 PDT"]
[Termination "bascheyaro won by resignation"]

1. d4 Nf6 2. Nf3 d5 3. c4 e6 4.
Nc3 Bb4 5. Bg5 h6 6. Bxf6 Qxf6 7. e3 O-O 8. Bd3 dxc4 9. Bxc4 c5 10. O-O cxd4 11. Ne4 Qe7 12. Nxd4 Bd7 13. a3 Ba5 14. b4 Bb6 15. Nb3 Bc6 16. Qb1 f5 17. Nec5 Qg5 18. e4 Rf6 19. Nxe6 Rxe6 20. Bxe6+ Kh8 21.
Bxf5 Nd7 22. Qd3 Ne5 23. Qg3 Qf6 24. Na5 Bb5 25. Rfd1 Nd3 26. Ra2 Rd8 27. Rad2 Ba4 28.
Rf1 Nxf2 29. Rdxf2 Bb5 30. Nxb7 Rd2 31. Qb8+ Rd8 32.
Nxd8 Bxf2+ 33. Kxf2 Qd4+ 34. Kg3 Qe3+ 35. Rf3 Qg5+ 36. Bg4 Kh7 37. Nf7 Qe7 38. Bf5+ 1-0

[Event "*** Titled Tuesday Blitz"]
[Site "Chess.com"]
[Date "2018.05.01"]
[Round "6"]
[White "AndrewMcStone"]
[Black "AsaHoffmann"]
[Result "0-1"]
[WhiteElo "2042"]
[BlackElo "1988"]
[TimeControl "180+2"]
[EndTime "14:19:41 PDT"]
[Termination "AsaHoffmann won by resignation"]

1. d4 Nf6 2. c4 c5 3. d5 e5 4. Nc3 d6 5. e4 Be7 6. Nge2 Nbd7 7. Ng3 g6 8. Be2 h5 9. O-O h4 10. Nh1 Nh5 11. Bxh5 Rxh5 12. Be3 Bg5 13. Qd2 a6 14. a3 Qf6 15. Bxg5 Rxg5 16. f4 exf4 17.
Rxf4 Qe7 18. Rxh4 Rxg2+ 19. Qxg2 Qxh4 20. e5 Nxe5 21. Ne4 Ke7 22. Nhg3 Bf5 23. Re1 Rh8 24. Nxc5 Qd4+ 25. Qf2 Qxf2+ 26. Kxf2 Rxh2+ 27. Kg1 Rxb2 28. Nxf5+ gxf5 29. Nd3 Rc2 30. Nxe5 dxe5 31. Rxe5+ Kf6 32. Re8 Rxc4 33. Rb8 Rd4 34. Rxb7 Rxd5 35. Rb6+ Ke5 36.
Rxa6 Rd2 37. Ra4 f4 38. Kf1 f3 39. Ke1 Ra2 40. Ra7 f5 41. a4 Kf4 42. a5 f2+ 43.
Kf1 Kf3 0-1

[Event "*** Titled Tuesday Blitz"]
[Site "Chess.com"]
[Date "2018.05.01"]
[Round "6"]
[White "LastHeroJr"]
[Black "MatthewG-p4p"]
[Result "1-0"]
[WhiteElo "2462"]
[BlackElo "2591"]
[TimeControl "180+2"]
[EndTime "14:19:42 PDT"]
[Termination "LastHeroJr won by checkmate"]

1. e4 e6 2. d4 d5 3. Nd2 Be7 4. Bd3 c5 5. dxc5 Nf6 6. Ngf3 dxe4 7. Nxe4 Nxe4 8. Bxe4 Qxd1+ 9. Kxd1 Bxc5 10. Ke2 O-O 11. Ne5 f6 12. Nd3 Be7 13. Be3 Nc6 14. Rhd1 e5 15.
Nc5 f5 16. Bd5+ Kh8 17. Bxc6 bxc6 18. Nd7 Bxd7 19. Rxd7 Bf6 20. Rxa7 Rab8 21. b3 f4 22. Bc5 Rfe8 23. Rd1 e4 24. Rc7 f3+ 25. gxf3 exf3+ 26. Kxf3 Be5 27. Rxc6 Bxh2 28. a4 Be5 29. a5 g5 30. a6 Rg8 31. Rd7 g4+ 32. Kg2 g3 33. f3 Rg5 34. a7 Rbg8 35. Rh6 Bg7 36. Bd4 Bxd4 37. Rhxh7# 1-0

[Event "*** Titled Tuesday Blitz"]
[Site "Chess.com"]
[Date "2018.05.01"]
[Round "6"]
[White "Angulo07"]
[Black "Alohamora11"]
[Result "1-0"]
[WhiteElo "2293"]
[BlackElo "2118"]
[TimeControl "180+2"]
[EndTime "14:19:42 PDT"]
[Termination "Angulo07 won on time"]

1. d4 Nf6 2. Bg5 e6 3. e4 h6 4. Bxf6 Qxf6 5. c3 d5 6. Nd2 c5 7.
Ngf3 cxd4 8. Nxd4 Be7 9. Bb5+ Nd7 10. exd5 exd5 11. O-O O-O 12. Qh5 Ne5 13. Rfe1 Bd6 14. h3 a6 15. Bf1 Bd7 16. N2f3 Rae8 17. Nxe5 Bxe5 18. Nf3 Bb8 19. Qxd5 Bc6 20. Qd4 Qf5 21.
Bd3 Qh5 22. Be4 Bd7 23. Qxd7 Re6 24. Qxb7 Bf4 25. Rad1 Kh8 26. Bc2 Rf6 27. Qd5 g5 28.
Ne5 1-0

[Event "*** Titled Tuesday Blitz"]
[Site "Chess.com"]
[Date "2018.05.01"]
[Round "6"]
[White "dmosesov"]
[Black "plumalka"]
[Result "0-1"]
[WhiteElo "2165"]
[BlackElo "2048"]
[TimeControl "180+2"]
[EndTime "14:19:48 PDT"]
[Termination "plumalka won by checkmate"]

1. e4 c5 2. d4 cxd4 3. c3 dxc3 4. Nxc3 e6 5. Nf3 Ne7 6. Bc4 Ng6 7. h4 Nc6 8. h5 Nge5 9. Nxe5 Nxe5 10. Be2 Be7 11.
Be3 h6 12. O-O d6 13. Qd2 Bd7 14. Rfd1 O-O 15. Rac1 Rc8 16. Bxa7 Nc4 17. Bxc4 Rxc4 18.
Be3 b5 19. b3 Rc8 20. Ne2 Rxc1 21. Rxc1 Qa8 22. Rc7 Rd8 23. Ng3 Bf8 24. Qe2 Be8 25. Qg4 Kh8 26. Rc2 d5 27. exd5 Rxd5 28. Ne4 Qd8 29.
Rd2 f5 30. Qe2 fxe4 31. Rc2 Rd1+ 32. Kh2 Qh4# 0-1

[Event "*** Titled Tuesday Blitz"]
[Site "Chess.com"]
[Date "2018.05.01"]
[Round "6"]
[White "51616516516"]
[Black "BlackBoarder"]
[Result "1/2-1/2"]
[WhiteElo "2168"]
[BlackElo "2226"]
[TimeControl "180+2"]
[EndTime "14:19:51 PDT"]
[Termination "Game drawn by agreement"]

1. d4 e6 2. c4 d5 3. Nc3 Nf6 4. cxd5 exd5 5. Bg5 Be7 6. e3 c6 7. Bd3 Ne4 8. Bxe7 Qxe7 9. Nge2 O-O 10. Bxe4 dxe4 11.
Ng3 f5 12. O-O Be6 13. f3 exf3 14. Rxf3 Nd7 15. Qc2 g6 16. Raf1 Nf6 17. e4 fxe4 18. Ncxe4 Nxe4 19. Qxe4 Qd6 20. Rxf8+ Rxf8 21. Rxf8+ Kxf8 22. b3 Kg7 23. Ne2 Bf5 24. Qe3 Qe6 25. Kf2 Qxe3+ 26.
Kxe3 Kf6 27. b4 Be6 28. a3 Bd5 29. g3 g5 30. Nc3 Kf5 31. Nxd5 cxd5 32. Kf3 h5 33. h3 g4+ 34. hxg4+ hxg4+ 35. Ke3 b5 36. Kd3 1/2-1/2

[Event "*** Titled Tuesday Blitz"]
[Site "Chess.com"]
[Date "2018.05.01"]
[Round "6"]
[White "Alzhur"]
[Black "RojonR"]
[Result "0-1"]
[WhiteElo "2471"]
[BlackElo "2397"]
[TimeControl "180+2"]
[EndTime "14:19:54 PDT"]
[Termination "RojonR won by checkmate"]

1. e4 c5 2. c3 Nf6 3. e5 Nd5 4. d4 cxd4 5. Qxd4 e6 6. Bc4 Nc6 7.
Qe4 Nb6 8. Bb3 d5 9. exd6 Bxd6 10. Nf3 O-O 11. O-O h6 12. Rd1 Qc7 13. a4 Na5 14.
Bc2 f5 15. Qe2 Nac4 16. Nbd2 Nxd2 17. Bxd2 Bd7 18. Bb3 Rae8 19. h3 Kh7 20. Nd4 e5 21. Nb5 Bxb5 22. Qxb5 a6 23. Qa5 f4 24. Be1 e4 25. Qh5 f3 26. g3 Re5 27. Qg4 h5 28. Qf4 Rxf4 29. gxf4 Rf5 30. Bd2 Bxf4 31. Bxf4 Qxf4 32.
Bc2 Rg5+ 33. Kh1 Qh4 34. Rg1 Qxh3# 0-1

[Event "*** Titled Tuesday Blitz"]
[Site "Chess.com"]
[Date "2018.05.01"]
[Round "6"]
[White "Sven_Tica"]
[Black "Alexander_Donchenko"]
[Result "1-0"]
[WhiteElo "2647"]
[BlackElo "2660"]
[TimeControl "180+2"]
[EndTime "14:19:57 PDT"]
[Termination "Sven_Tica won by resignation"]

1. d4 Nf6 2. c4 e6 3. g3 c5 4. d5 exd5 5. cxd5 d6 6. Nc3 g6 7. Bg2 Bg7 8. Nf3 O-O 9. O-O Re8 10. Bf4 Bf5 11. Nh4 Bg4 12. Qd2 Na6 13. e4 c4 14.
Be3 b5 15. Nxb5 Nxe4 16. Bxe4 Rxe4 17. f3 Rxe3 18. Qxe3 Bd7 19. Nc3 Nc5 20. Ne4 Nxe4 21. fxe4 Bxb2 22. Rab1 c3 23. Rf2 Rc8 24. Rfxb2 cxb2 25. Rxb2 Qf6 26. Rf2 Qa1+ 27. Kg2 Rc1 28. Nf3 Bb5 29.
g4 Bd7 30. Kg3 Qf6 31. Qxc1 h5 32. Qg5 h4+ 33. Kxh4 1-0

[Event "*** Titled Tuesday Blitz"]
[Site "Chess.com"]
[Date "2018.05.01"]
[Round "6"]
[White "joejan"]
[Black "savinspm"]
[Result "0-1"]
[WhiteElo "2148"]
[BlackElo "2000"]
[TimeControl "180+2"]
[EndTime "14:20:01 PDT"]
[Termination "savinspm won by checkmate"]

1. e4 e5 2. Nf3 Nc6 3. Bb5 a6 4.
Bxc6 dxc6 5. Nc3 Bg4 6. h3 Bxf3 7. Qxf3 Qf6 8. Qxf6 Nxf6 9. d3 Bc5 10. f4 Nd7 11. fxe5 Nxe5 12. Bf4 Bd6 13. Rf1 f6 14. O-O-O O-O-O 15. Ne2 Nf7 16. Ng3 Bxf4+ 17. Rxf4 Ng5 18.
Nf5 Rd7 19. h4 Ne6 20. Rg4 b6 21. Re1 Re8 22. e5 g6 23. Ng3 f5 24. Ra4 Kb7 25.
Kd2 b5 26. Ra3 Nc5 27. Rc3 Rd5 28. h5 Na4 29. Rb3 Rdxe5 30. Rxe5 Rxe5 31. d4 Re6 32. h6 f4 33. Ne2 g5 34. Rh3 Nxb2 35. Rh5 Nc4+ 36.
Kd3 Re3# 0-1

[Event "*** Titled Tuesday Blitz"]
[Site "Chess.com"]
[Date "2018.05.01"]
[Round "6"]
[White "ChainsOfFantasia"]
[Black "Last7Samurai"]
[Result "0-1"]
[WhiteElo "2423"]
[BlackElo "2647"]
[TimeControl "180+2"]
[EndTime "14:20:07 PDT"]
[Termination "Last7Samurai won by resignation"]

1. d4 d5 2. Nf3 Nf6 3. c4 c6 4.
Nc3 e6 5. e3 Nbd7 6. Qc2 Bd6 7.
Bd3 O-O 8. O-O e5 9. cxd5 cxd5 10. Nb5 Bb8 11. dxe5 Nxe5 12. Nxe5 Bxe5 13. Nd4 Bd7 14. Nf3 Rc8 15. Qe2 Bb8 16. h3 Ne4 17. Bd2 Qf6 18. Bb4 Rfe8 19. Rac1 a6 20. Rfd1 Bc6 21. Nd4 Qe5 22. f4 Qf6 23. Nxc6 Rxc6 24. Bxe4 Rxe4 25.
Rxc6 Qxc6 26. Bc3 Bxf4 27. Bd4 Qe6 28. Kf2 h6 29. Qf3 Be5 30. Bxe5 Qxe5 31. Rd2 g6 32. a3 Kg7 33. Re2 d4 34. exd4 Qxd4+ 35. Kg3 Qe5+ 36. Kf2 Rxe2+ 37. Qxe2 Qxe2+ 38. Kxe2 Kf6 39. Ke3 Ke5 40. Kd3 Kf4 41. Kc4 Kg3 42. Kc5 Kxg2 43. Kb6 f5 44. Kxb7 f4 45. b4 f3 46. b5 axb5 0-1

[Event "*** Titled Tuesday Blitz"]
[Site "Chess.com"]
[Date "2018.05.01"]
[Round "6"]
[White "Abund"]
[Black "Korchmar_Vasiliy"]
[Result "0-1"]
[WhiteElo "2504"]
[BlackElo "2714"]
[TimeControl "180+2"]
[EndTime "14:20:09 PDT"]
[Termination "Korchmar_Vasiliy won by resignation"]

1. Nf3 g6 2. c4 Bg7 3. g3 e5 4. Nc3 Nc6 5. Bg2 d6 6. O-O Nge7 7. e3 O-O 8. d4 f5 9. Nd5 e4 10. Nxe7+ Nxe7 11. Nd2 d5 12. Qc2 g5 13. b3 f4 14. exf4 gxf4 15. cxd5 f3 16. Bh1 Nf5 17. Bb2 Qxd5 18. Nxe4 Nxd4 19. Bxd4 Bxd4 20. Rad1 c5 21. Rfe1 Kh8 22. Qd3 Bg4 23. Nxc5 Rad8 24. Ne4 Qh5 25. Qf1 Rf7 26. Qc4 Rfd7 27. Rd2 b5 28. Qxb5 Qxb5 0-1

[Event "*** Titled Tuesday Blitz"]
[Site "Chess.com"]
[Date "2018.05.01"]
[Round "6"]
[White "TheCount"]
[Black "Alopekos"]
[Result "1-0"]
[WhiteElo "2553"]
[BlackElo "2326"]
[TimeControl "180+2"]
[EndTime "14:20:15 PDT"]
[Termination "TheCount won on time"]

1. b3 Nf6 2. Bb2 e6 3. Nf3 d5 4. g3 Be7 5. Bg2 O-O 6. O-O c5 7. c4 Nc6 8. cxd5 Nxd5 9. Nc3 b6 10. Nxd5 exd5 11. d4 Be6 12. Rc1 Rc8 13. dxc5 bxc5 14. Qd2 c4 15. Rfd1 Qb6 16. bxc4 dxc4 17. Bc3 Rfd8 18. Qc2 Bb4 19. Ng5 g6 20. Nxe6 fxe6 21. Rxd8+ Rxd8 22. Bxb4 Nxb4 23. Qxc4 Nd5 24. Rd1 Rf8 25.
Bf3 a5 26. Qb3 Qc5 27. Qd3 Nb4 28. Qe4 Qb6 29. Rd7 Nxa2 30. Rb7 Qd6 31. Bg4 Re8 32. Qf3 1-0

[Event "*** Titled Tuesday Blitz"]
[Site "Chess.com"]
[Date "2018.05.01"]
[Round "6"]
[White "LawrenceTrent"]
[Black "LADIESGET2KNOWME"]
[Result "0-1"]
[WhiteElo "2462"]
[BlackElo "2544"]
[TimeControl "180+2"]
[EndTime "14:20:15 PDT"]
[Termination "LADIESGET2KNOWME won by resignation"]

1. e4 e5 2. Nf3 Nc6 3. Bb5 a6 4. Ba4 Nge7 5. c3 g6 6. d4 exd4 7. cxd4 b5 8. Bb3 Bg7 9. d5 Na5 10. Bd2 c5 11. Bc3 O-O 12. Bxg7 Kxg7 13. O-O d6 14. Nbd2 h6 15. Re1 f5 16. e5 c4 17. Bc2 dxe5 18. Rxe5 Nxd5 19. Nxc4 Nxc4 20.
Rxd5 Qf6 21. b3 Na3 22. Rd6 Qc3 23. Rc1 Rf6 24. Rd8 Rc6 25. Nd4 Rc7 26. h4 Raa7 27.
h5 Rd7 28. Ne6+ Kf6 29. Qe2 Re7 30. Rd6 Rxe6 31. Rxe6+ Bxe6 32. Re1 Re7 33. hxg6 Nxc2 34. Rc1 Nd4 0-1

[Event "*** Titled Tuesday Blitz"]
[Site "Chess.com"]
[Date "2018.05.01"]
[Round "6"]
[White "rubhani"]
[Black "GP9isback23"]
[Result "1-0"]
[WhiteElo "2426"]
[BlackElo "2260"]
[TimeControl "180+2"]
[EndTime "14:20:23 PDT"]
[Termination "rubhani won by resignation"]

1. e4 c6 2. d4 d5 3. e5 c5 4. dxc5 Nc6 5. Nf3 e6 6. Be3 Nge7 7. Bd3 Ng6 8. Bxg6 hxg6 9. O-O Qc7 10. Nc3 Nxe5 11. Nxe5 Qxe5 12. h3 Bd7 13. Re1 Qh5 14. Qd4 f6 15. a4 Kf7 16. Nb5 g5 17. c4 Bc6 18. cxd5 Bxd5 19. Nc7 Bxg2 20. Qd7+ Kg6 21.
Qxe6 Bxh3 22. Qe4+ Bf5 23. Qg2 Rc8 24. Nd5 Bxc5 25.
Nf4+ 1-0

[Event "*** Titled Tuesday Blitz"]
[Site "Chess.com"]
[Date "2018.05.01"]
[Round "6"]
[White "Keaton87"]
[Black "dretch"]
[Result "0-1"]
[WhiteElo "2449"]
[BlackElo "2705"]
[TimeControl "180+2"]
[EndTime "14:20:26 PDT"]
[Termination "dretch won by resignation"]

1. d4 d5 2. Nf3 Nf6 3. Bf4 c5 4. e3 Nc6 5. Be2 Bg4 6. O-O e6 7. c3 Bd6 8. Bxd6 Qxd6 9. Nbd2 O-O 10. dxc5 Qxc5 11. Qa4 Rfd8 12. Rac1 Qb6 13. Qb3 Qc7 14. c4 d4 15. exd4 Rxd4 16. Qe3 e5 17. Rfe1 Rd7 18. h3 Bf5 19. Nb3 Rad8 20. Red1 h6 21. Rxd7 Rxd7 22.
Rd1 Re7 23. c5 Be6 24. Nfd2 Nd5 25. Qg3 Nf4 26. Bf1 Rd7 27. Qe3 Nb4 28. Re1 Nc2 29. Qxe5 Nxe1 30. Qxe1 Re7 31. Qc1 Bd5 32. Nd4 Qe5 33. N4f3 Qf6 34. g3 Ne2+ 35. Bxe2 Rxe2 0-1

[Event "*** Titled Tuesday Blitz"]
[Site "Chess.com"]
[Date "2018.05.01"]
[Round "6"]
[White "Too_Stupid_To_Play"]
[Black "GoingKronos"]
[Result "0-1"]
[WhiteElo "2179"]
[BlackElo "2368"]
[TimeControl "180+2"]
[EndTime "14:20:26 PDT"]
[Termination "GoingKronos won by resignation"]

1. d4 Nf6 2. Nc3 d5 3. Bf4 c5 4. e3 cxd4 5. exd4 a6 6. Nf3 Nc6 7. Be2 Bg4 8. Ne5 Bxe2 9. Nxc6 Bxd1 10. Nxd8 Bxc2 11. Nxb7 e6 12. Rc1 Bg6 13. Nd6+ Kd7 14. Nb7 Rc8 15. a3 Ne4 16. Nxe4 Rxc1+ 17. Bxc1 Bxe4 18.
f3 Bg6 19. b4 Kc6 20. Nc5 Bxc5 21. bxc5 Rb8 22. Kd2 Rb3 23. Rd1 f6 24. Ke2 e5 25.
dxe5 fxe5 26. Kf2 Kxc5 27. Re1 Kd6 28. Bd2 d4 29. Bb4+ Kd5 30. Rc1 Rb2+ 31. Kg3 Bc2 32. Bf8 g6 33. h4 d3 34. Bb4 Rxb4 35. axb4 d2 0-1

[Event "*** Titled Tuesday Blitz"]
[Site "Chess.com"]
[Date "2018.05.01"]
[Round "6"]
[White "sergiochess83"]
[Black "FastChance"]
[Result "0-1"]
[WhiteElo "2790"]
[BlackElo "2673"]
[TimeControl "180+2"]
[EndTime "14:20:29 PDT"]
[Termination "FastChance won on time"]

1. e4 c6 2. d4 d5 3. e5 Bf5 4.
Nd2 e6 5. Nb3 Nd7 6. Nf3 Ne7 7.
Be2 Bg6 8. O-O Nc8 9. a4 Be7 10.
a5 O-O 11. Be3 Qc7 12. Rc1 b6 13. Qd2 f6 14. exf6 Nxf6 15. Ne5 Ne4 16. Qe1 Be8 17. c4 Ncd6 18. Bg4 Nf5 19. f3 Nxe3 20. Bxe6+ Kh8 21. Qxe3 Ng5 22. cxd5 Nxe6 23. dxe6 Qd6 24. Nc4 Qb4 25. axb6 axb6 26. Nbd2 b5 27. Ne5 Qxb2 28.
Nxc6 Bxc6 29. Rxc6 Ra3 30. Qe2 Ra2 31. Rf2 Qxd4 0-1

[Event "*** Titled Tuesday Blitz"]
[Site "Chess.com"]
[Date "2018.05.01"]
[Round "6"]
[White "rasmussvane"]
[Black "arna"]
[Result "1-0"]
[WhiteElo "2604"]
[BlackElo "2120"]
[TimeControl "180+2"]
[EndTime "14:20:30 PDT"]
[Termination "rasmussvane won by resignation"]

1. Nf3 d5 2. d4 Nf6 3. c4 e6 4. Nc3 c6 5. e3 Nbd7 6. Qc2 Bd6 7. Bd3 dxc4 8. Bxc4 b5 9. Be2 Bb7 10.
O-O O-O 11. e4 e5 12. dxe5 Nxe5 13. Nd4 Bc7 14. Rd1 Qb8 15. f4 Ng6 16. e5 Nxe5 17.
fxe5 Bxe5 18. Nf3 Bc7 19. Bd3 h6 20. Ne4 Nd5 21. a3 Re8 22. Kh1 b4 23. Nc5 Bc8 24.
Bd2 Bg4 25. Rf1 Bxf3 26. Rxf3 Bxh2 27. Raf1 Re7 28. Bc4 bxa3 29. bxa3 Be5 30. Qf5 Qb6 31. Nd7 Qd4 32. Nxe5 Rxe5 33. Qxf7+ Kh8 34. Bxh6 gxh6 35. Rh3 Qd2 36. Qg6 Qg5 37. Rxh6+ 1-0

[Event "*** Titled Tuesday Blitz"]
[Site "Chess.com"]
[Date "2018.05.01"]
[Round "6"]
[White "Abrito99"]
[Black "Albertu"]
[Result "1-0"]
[WhiteElo "2497"]
[BlackElo "2301"]
[TimeControl "180+2"]
[EndTime "14:20:33 PDT"]
[Termination "Abrito99 won by resignation"]

1. e4 c5 2. Nf3 d6 3. d4 cxd4 4. Nxd4 Nf6 5. Nc3 a6 6. f3 e6 7.
Be3 Nbd7 8. g4 h6 9. Qd2 b5 10. a3 Bb7 11. O-O-O Rc8 12. Bd3 Be7 13. h3 Ne5 14.
Kb1 Nc4 15. Bxc4 Rxc4 16. h4 Nd7 17. g5 Ne5 18. f4 Ng4 19. Rhg1 Nxe3 20. Qxe3 hxg5 21.
hxg5 Qc7 22. g6 Bf6 23. Ndxb5 axb5 24. Nxb5 Qc6 25. Nxd6+ Ke7 26. e5 Bh4 27. Nxc4 Qxc4 28. Qb6 Bd5 29. Qd6+ Ke8 30. gxf7+ Kxf7 31. Qd7+ Be7 32.
Rxg7+ Kxg7 33. Qxe7+ Kh6 34. Qg5+ Kh7 35. Qh5+ Kg7 36.
Rg1+ 1-0